 Dungeon Crawl Stone Soup version 0.18-a0-1121-gb454403 (webtiles) character file.

3948 Geeful the Thaumaturge (level 10, 0/56 HPs)
             Began as an Octopode Wizard on Jan 18, 2016.
             Was a Priest of Sif Muna.
             Succumbed to a killer bee's poison
             ... on level 8 of the Dungeon.
             The game lasted 00:39:32 (9320 turns).

Geeful the Thaumaturge (Octopode Wizard)            Turns: 9320, Time: 00:39:32

Health: 0/56       AC: 10    Str:  4    XL:     10   Next: 21%
Magic:  22/34      EV: 12    Int: 24    God:    Sif Muna [***...]
Gold:   261        SH:  0    Dex: 11    Spells: 4 memorised, 23 levels left

rFire  . . .     SeeInvis +     o - +4 halberd (protect)
rCold  . . .     Gourm    .     (shield currently unavailable)
rNeg   . . .     Faith    .     a - +2 hat
rPois  .         Spirit   .     (no amulet)
rElec  .         Dismiss  .     e - ring "Egeh" {MR+++ MP+9 AC+2 Str-4}
rCorr  .         Reflect  .     t - ring "Opriacih" {+Inv Str+2 Stlth+}
SustAt .         Harm     .     A - ring of see invisible
MR     +++..                    (no ring)
Stlth  ++++......               (no ring)
                                (no ring)
                                (no ring)
                                (no ring)

@: lethally poisoned (0 -> -3), very slightly contaminated, repel missiles,
extremely resistant to hostile enchantments, stealthy
A: almost no armour, amphibious, 8 rings, constrict 8, camouflage 1, gelatinous
body 1
a: Channel Energy, Forget Spell, Renounce Religion, Evoke Invisibility


You were on level 8 of the Dungeon.
You worshipped Sif Muna.
Sif Muna was most pleased with you.
You were not hungry.

You visited 2 branches of the dungeon, and saw 9 of its levels.

You collected 419 gold pieces.
You spent 158 gold pieces at shops.

Inventory:

Hand Weapons
 j - a +2 dagger of chaos
 l - a +0 hand axe of chopping
 o - a +4 halberd of protection (weapon)
Missiles
 y - 14 poisoned needles
Armour
 a - a +2 hat (worn)
 f - a +0 shield
Jewellery
 e - the ring "Egeh" (left tentacle) {MR+++ MP+9 AC+2 Str-4}
   (You acquired it on level 4 of the Dungeon)

   [ring of protection]

   It affects your AC (+2).
   It affects your strength (-4).
   It affects your resistance to hostile enchantments.
   It affects your magic capacity (+9).
 t - the ring "Opriacih" (right tentacle) {+Inv Str+2 Stlth+}
   (You found it on level 7 of the Dungeon)

   [ring of stealth]

   It affects your strength (+2).
   It lets you turn invisible.
   It makes you more stealthy.
 A - a ring of see invisible (on tentacle)
Wands
 p - a wand of digging (16/24)
 x - a wand of lightning (3/15)
Scrolls
 h - a scroll of enchant armour
 i - 3 scrolls of remove curse
 q - a scroll of magic mapping
 v - a scroll of identify
 w - a scroll of amnesia
 B - a scroll of teleportation
Potions
 m - 2 potions of curing
 n - a potion of mutation
 r - 2 potions of heal wounds
 u - a potion of cancellation
Books
 b - a book of Minor Magic

   Spells                             Type                      Level
   a - Magic Dart                     Conjuration                  1
   b - Blink                          Translocation                2
   c - Call Imp                       Summoning                    2
   d - Repel Missiles                 Charms/Air                   2
   e - Slow                           Hexes                        2
   f - Conjure Flame                  Conjuration/Fire             3
   g - Mephitic Cloud                 Conjuration/Poison/Air       3
 s - a book of Enchantments

   Spells                             Type                      Level
   a - Cause Fear                     Hexes                        4
   b - Yara's Violent Unravelling     Hexes/Transmutation          5
   c - Silence                        Hexes/Air                    5
   d - Deflect Missiles               Charms/Air                   6
   e - Haste                          Charms                       6
   f - Discord                        Hexes                        8
 z - a book of Clouds

   Spells                             Type                      Level
   a - Mephitic Cloud                 Conjuration/Poison/Air       3
   b - Conjure Flame                  Conjuration/Fire             3
   c - Poisonous Cloud                Conjuration/Poison/Air       6
   d - Freezing Cloud                 Conjuration/Ice/Air          6
   e - Ring of Flames                 Charms/Fire                  7
Comestibles
 c - 5 bread rations
 d - 4 meat rations
 g - 10 fruits


   Skills:
 - Level 2.0 Dodging
 - Level 2.6 Stealth
 * Level 11.0 Spellcasting
 + Level 8.5 Conjurations
 - Level 1.0 Summonings
   Level 1.0 Translocations


You had 23 spell levels left.
You knew the following spells:

 Your Spells              Type           Power        Failure   Level  Hunger
a - Magic Dart            Conj           ####         1%          1    None
b - Call Imp              Summ           ###.....     6%          2    None
c - Repel Missiles        Chrm/Air       ##....       10%         2    None
d - Mephitic Cloud        Conj/Pois/Air  ####....     4%          3    None


Dungeon Overview and Level Annotations

Branches:
Dungeon (8/15)             Temple (1/1) D:5
   Lair: D:8-11

Altars:
Ashenzari
Cheibriados
Dithmenos
Elyvilon
Fedhas
Gozag
Kikubaaqudgha
Makhleb
Nemelex Xobeh
Okawaru
Pakellas
Qazlal
Ru
Sif Muna
Trog
Xom
Zin

Shops:
D:4 (*


Innate Abilities, Weirdness & Mutations

You cannot wear most types of armour.
You are amphibious.
You can wear up to eight rings at the same time.
You can use your tentacles to constrict eight enemies at once.
Your skin changes colour to match your surroundings (Stealth).
Your rubbery body absorbs attacks (AC +1).


Message History

You hit the yak but do no damage. You squeeze the yak.
The yak is heavily wounded.
The yak seems less confused.
The killer bee stings you.
You are poisoned.
The killer bee poisons you! The killer bee stings you.
The yak gores the yak!
The yak is killed!
The killer bee stings you.
You feel sick.
The yak seems less confused.
The killer bee stings you. The yak gores you!
* * * LOW HITPOINT WARNING * * *
You see here an adder corpse.
You feel sick. The yak barely misses you. The killer bee stings you.
* * * LOW HITPOINT WARNING * * *
The killer bee stings you!
* * * LOW HITPOINT WARNING * * *
The killer bee stings you.
* * * LOW HITPOINT WARNING * * *
The yak barely misses you.
There is an open door here.
You die...

y.......Y##.####S.#?.......
§y....................#....
...........................
...........................
...........................
.......####'####...........
.......#.......#...<.......
.......#.⌠...⌠.#...........
.......#.)....Y#@..........
.......'...Y..y'...........
.......#......Y#...........
.......#.⌠..†⌠.#............ .
.......#...Y†..#.................
.......####'####.................
.................................
............(....................
.................................


You could see 3 yaks and a killer bee.

Vanquished Creatures
  Psyche (D:8)
  A queen bee (D:7)
  A two-headed ogre (D:8)
  A yak (D:8)
  2 hippogriffs (D:7)
  An ogre (D:4)
  2 phantoms
  2 centaurs
  A big kobold (D:7)
  4 giant frogs
  19 killer bees
  An electric eel (D:6)
  4 crimson imps
  A giant frog zombie (D:7)
  A centaur skeleton (D:5)
  An orc priest (D:7)
  4 hounds
  Jessica (D:2)
  An iguana (D:4)
  5 orc wizards
  7 worker ants
  Natasha (thrice) (D:4 D:6)
  Robin (D:3)
  8 adders
  3 gnolls (D:5)
  A shadow imp (D:5)
  An adder zombie (D:3)
  6 giant geckos
  12 orcs
  7 giant cockroaches
  9 goblins
  10 hobgoblins
  4 quokkas
  A ball python (D:4)
  13 bats
  A giant gecko zombie (D:8)
  6 giant newts
  A jackal skeleton (D:4)
  12 kobolds
  7 rats
167 creatures vanquished.

Vanquished Creatures (collateral kills)
  Joseph (D:7)
  A necrophage (D:6)
  A giant frog (D:7)
  A giant frog skeleton (D:5)
  An orc wizard (D:7)
  An adder (D:2)
  3 worms (D:2)
  An orc (D:7)
  A giant cockroach (D:2)
  2 goblins (D:2)
  A hobgoblin (D:2)
14 creatures vanquished.

Vanquished Creatures (others)
  A jelly (D:5)
  An orc wizard (D:4)
2 creatures vanquished.

Grand Total: 183 creatures vanquished

Notes
Turn   | Place    | Note
--------------------------------------------------------------
     0 | D:1      | Geeful the Octopode Wizard began the quest for the Orb.
     0 | D:1      | Reached XP level 1. HP: 11/11 MP: 4/4
   166 | D:1      | Reached XP level 2. HP: 17/17 MP: 6/6
   829 | D:1      | Reached XP level 3. HP: 18/21 MP: 7/7
   841 | D:1      | Learned a level 2 spell: Call Imp
   844 | D:1      | Learned a level 2 spell: Repel Missiles
  1569 | D:2      | Found a snail-covered altar of Cheibriados.
  1883 | D:2      | Noticed Jessica
  1896 | D:2      | Reached XP level 4. HP: 24/27 MP: 9/9
  1927 | D:2      | Learned a level 3 spell: Mephitic Cloud
  1981 | D:2      | Killed Jessica
  1981 | D:2      | Reached skill level 4 in Spellcasting
  2096 | D:2      | Found a glowing silver altar of Zin.
  2463 | D:3      | Noticed a centaur
  2938 | D:3      | Found a burning altar of Makhleb.
  2942 | D:3      | Found a shimmering altar of Xom.
  2952 | D:3      | Killed a centaur
  2952 | D:3      | Reached XP level 5. HP: 22/31 MP: 7/12
  2965 | D:3      | Noticed Robin
  3290 | D:3      | Reached skill level 5 in Spellcasting
  3290 | D:3      | Reached XP level 6. HP: 30/36 MP: 6/13
  3427 | D:3      | Killed Robin
  3552 | D:3      | Found an oddly glowing altar of Pakellas.
  4063 | D:4      | Reached XP level 7. HP: 29/41 MP: 12/15
  4065 | D:4      | Noticed Natasha
  4077 | D:4      | Killed Natasha
  4077 | D:4      | Reached skill level 6 in Spellcasting
  4184 | D:4      | Found a white marble altar of Elyvilon.
  4267 | D:4      | Found Naoxoc's Antique Weapon Shoppe.
  4281 | D:4      | Bought a runed halberd for 104 gold pieces
  4332 | D:4      | Found Fotha's Assorted Antiques.
  4336 | D:4      | Bought a scroll labeled QED KIGRULOUPISK for 27 gold pieces
  4336 | D:4      | Bought a scroll labeled UVI MOYSOTHA for 27 gold pieces
  4775 | D:4      | Got a sparkling iron ring
  4780 | D:4      | Identified the ring "Egeh" {MR+++ MP+9 AC+2 Str-4} (You acquired it on level 4 of the Dungeon)
  4801 | D:5      | Entered Level 5 of the Dungeon
  4902 | D:5      | Reached skill level 5 in Conjurations
  5166 | D:5      | Found a staircase to the Ecumenical Temple.
  5178 | Temple   | Entered the Ecumenical Temple
  5482 | D:5      | Reached skill level 7 in Spellcasting
  5482 | D:5      | Reached XP level 8. HP: 46/46 MP: 18/18
  6120 | D:6      | Noticed Natasha
  6126 | D:6      | Killed Natasha
  6621 | D:6      | Noticed Natasha
  6637 | D:6      | Killed Natasha
  6767 | D:6      | Found a deep blue altar of Sif Muna.
  6775 | D:6      | Became a worshipper of Sif Muna the Loreminder
  6914 | D:6      | Reached skill level 8 in Spellcasting
  7319 | D:7      | Noticed Joseph
  7353 | D:7      | Killed Joseph
  7353 | D:7      | Reached * piety under Sif Muna
  7655 | D:7      | Found an iron altar of Okawaru.
  7744 | D:7      | Reached XP level 9. HP: 46/51 MP: 21/21
  7813 | D:7      | Reached skill level 9 in Spellcasting
  7868 | D:7      | Got a twitching marble ring
  7870 | D:7      | Identified the ring "Opriacih" {+Inv Str+2 Stlth+} (You found it on level 7 of the Dungeon)
  7950 | D:7      | Reached ** piety under Sif Muna
  8062 | D:7      | Found a shadowy altar of Dithmenos.
  8417 | D:8      | Noticed a two-headed ogre
  8443 | D:8      | Killed a two-headed ogre
  8443 | D:8      | Reached skill level 10 in Spellcasting
  8467 | D:8      | HP: 2/51 [killer bee (5)]
  8531 | D:8      | Reached *** piety under Sif Muna
  8553 | D:8      | Noticed Psyche
  8571 | D:8      | Killed Psyche
  8571 | D:8      | Reached XP level 10. HP: 28/56 MP: 12/24
  9300 | D:8      | Reached skill level 11 in Spellcasting
  9319 | D:8      | HP: 1/56 [killer bee (4)]
  9320 | D:8      | Succumbed to a killer bee's poison

Vault maps used:
D:1:      scummos_arrival_simple_crosswalls, minmay_misc_feat_pillars,
          due_unseen_surprise
D:2:      marbit_many_paths, nicolae_overflow_hidden_temple, first_bread,
          grunt_ministairs_3, uniq_jessica
D:3:      grunt_temple_overflow_champion_of_chaos, grunt_pakellas_basics,
          uniq_robin
D:4:      elyvilon_altar_1, serial_shops, nicolae_shop_stone, shop, uniq_natasha
D:5:      minmay_temple_entry_large_hall
D:6:      lemuel_crystal_altar, serial_bayou_pond_a, st_stairs_10,
          serial_bayou_ford_a
D:7:      nicolae_dithmenos_through_a_glass_darkly, okawaru_metal_pillars_1_2,
          uniq_joseph
D:8:      lemuel_doored_altar, minmay_fountain_box, david_nohive_1, uniq_psyche
Temple:   minmay_temple_bridge_a_8

Action                   |  1- 3 |  4- 6 |  7- 9 | 10-12 || total
-------------------------+-------+-------+-------+-------++-------
Melee: Mace              |    28 |       |       |       ||    28
       Hand axe          |    71 |    49 |       |       ||   120
       Dagger            |       |    59 |    18 |       ||    77
       Halberd           |       |       |   259 |    33 ||   292
 Cast: Magic Dart        |    16 |     3 |     3 |       ||    22
       Call Imp          |     7 |    12 |    17 |       ||    36
       Repel Missiles    |     1 |     3 |     2 |       ||     6
       Mephitic Cloud    |       |    10 |    60 |    14 ||    84
Evoke: Wand              |       |       |     2 |     2 ||     4
  Use: Scroll            |       |     8 |    15 |       ||    23
       Potion            |       |     3 |     3 |       ||     6
 Stab: Sleeping          |     6 |     5 |     1 |       ||    12
       Confused          |       |     6 |    17 |     5 ||    28
  Eat: Chunk             |     3 |     4 |    12 |       ||    19
       Royal jelly       |       |     1 |       |       ||     1
       Beef jerky        |       |     1 |       |       ||     1
       Pizza             |       |       |     2 |       ||     2
       Bread ration      |       |       |       |     1 ||     1
